 Dungeon Crawl Stone Soup version 0.32-a0-20-ge526923d97 (webtiles) character file.

Game seed: 7815109351346052561

14458 IdlyInterested the Warrior (level 11, -12/106 HPs)
             Began as a Demonspawn Fighter on Dec 29, 2023.
             Mangled by a sun demon (18 damage)
             ... summoned by a kobold demonologist
             ... on level 10 of the Dungeon on Jan 17, 2024.
             The game lasted 00:41:55 (12463 turns).

IdlyInterested the Warrior (Demonspawn Fighter)    Turns: 12463, Time: 00:41:56

Health: -12/106    AC:  9    Str: 23    XL:     11   Next: 89%
Magic:  11/11      EV: 18    Int: 19    God:
Gold:   374        SH: 11    Dex: 25    Spells: 10/10 levels left

rFire   . . .        F - +8 mace of Imbalance {drain, rPois rN+ Int+6 Dex+3}
rCold   . . .        c - +0 buckler
rNeg    + . .        D - +2 ring mail "Pucil" {rCorr Str+6 Stlth+}
rPois   +            x - +1 hat {SInv}
rElec   .            U - +0 cloak
rCorr   +            (no gloves)
SInv    +            (no boots)
Will    .....        m - amulet of reflection
Stlth   +++          n - +6 ring of dexterity
HPRegen 0.37/turn    Z - +4 ring of slaying
MPRegen 0.12/turn

%: reflection
@: agile
A: demonic guardian 2, powered by pain 2, big brain 2
a: no special abilities


You were on level 10 of the Dungeon.
You visited 2 branches of the dungeon, and saw 11 of its levels.
You also visited: Bailey.

You collected 710 gold pieces.
You spent 336 gold pieces at shops.

Inventory:

Hand Weapons
 f - the +7 whip of Emaux {venom, +Blink Fly rF++ Str-5}
   (You found it on level 9 of the Dungeon)

   Str-5:     It affects your strength (-5).
   rF++:      It greatly protects you from fire.
   Fly:       It grants you flight.
   +Blink:    It lets you blink.
 j - a +0 hand axe of electrocution
 s - a +1 dagger of venom
 F - the +8 mace of Imbalance (weapon) {drain, rPois rN+ Int+6 Dex+3}
   (You bought it in a shop on level 3 of the Dungeon)

   Int+6:     It affects your intelligence (+6).
   Dex+3:     It affects your dexterity (+3).
   rPois:     It protects you from poison rN+: It protects you from negative
   energy.
 V - a +0 hand axe of flaming
Missiles
 e - 108 stones (quivered)
 h - 3 atropa-tipped darts
 k - 48 poisoned darts
 p - 3 javelins
 t - 2 throwing nets
 u - 2 curare-tipped darts
 S - 17 boomerangs
Armour
 c - a +0 buckler (worn)
 x - a +1 hat of see invisible (worn)
 D - the +2 ring mail "Pucil" (worn) {rCorr Str+6 Stlth+}
   (You took it off an orc warrior in a bailey)

   Str+6:     It affects your strength (+6).
   rCorr:     It protects you from acid and corrosion.
   Stlth+:    It makes you more stealthy.
 R - a +0 hat
 U - a +0 cloak (worn)
Magical Staves
 q - a staff of cold
 C - a staff of death
Jewellery
 m - an amulet of reflection (around neck)
 n - a +6 ring of dexterity (left hand)
 J - a ring of ice
 Y - a ring of flight
 Z - a +4 ring of slaying (right hand)
Wands
 b - a wand of charming (10)
 H - a wand of light (3)
 P - a wand of polymorph (7)
 T - a wand of flame (18)
Scrolls
 a - a scroll of butterflies
 i - 2 scrolls of enchant armour
 o - a scroll of silence
 v - 3 scrolls of fear
 z - 6 scrolls of teleportation
 E - a scroll of blinking
 K - a scroll of acquirement
 L - 2 scrolls of poison
 M - a scroll of revelation
 O - 2 scrolls of vulnerability
 Q - a scroll of identify
Potions
 d - 3 potions of might
 g - 2 potions of invisibility
 l - a potion of attraction {unknown}
 r - a potion of haste
 w - a potion of curing
 A - a potion of resistance {unknown}
 B - a potion of berserk rage
 G - a potion of magic {unknown}
 I - 5 potions of brilliance
 N - a potion of lignification {unknown}
 W - a potion of experience
 X - 2 potions of heal wounds
Miscellaneous
 y - a phantom mirror


   Skills:
 * Level 16.9 Fighting
 - Level 2.0 Short Blades
 - Level 2.0(3.1) Axes
 - Level 3.7(4.0) Maces & Flails
 - Level 3.0 Throwing
 - Level 3.0 Armour
 - Level 3.0 Dodging
 - Level 3.0 Stealth
 - Level 2.6 Shields
 - Level 3.0 Evocations
 - Level 3.0 Shapeshifting


You had 10 spell levels left.
You didn't know any spells.
Your spell library contained the following spells:

 Spells                   Type           Power      Damage    Failure   Level
 Freeze                   Ice            0%         1d3       36%         1
 Magic Dart               Conj           0%         1d3       36%         1
 Blink                    Tloc           0%         N/A       52%         2
 Call Imp                 Summ           0%         N/A       52%         2
 Cigotuvi's Dreadful Rot  Necr/Alch/Air  0%         N/A       52%         2
 Sublimation of Blood     Necr           0%         N/A       52%         2
 Frozen Ramparts          Ice            0%         1d1       75%         3
 Hailstorm                Conj/Ice       0%         3d5       75%         3
 Inner Flame              Hex/Fire       0%         N/A       75%         3
 Flame Wave               Conj/Fire      0%         2d4       98%         4
 Ignite Poison            Fire/Alch      0%         N/A       98%         4
 Sticky Flame             Fire/Alch      0%         2d4       98%         4
 Freezing Cloud           Conj/Ice/Air   0%         6-21      100%        5
 Summon Hydra             Summ           0%         N/A       100%        7


Dungeon Overview and Level Annotations

Branches:
Dungeon (10/15)            Temple (1/1) D:4            Lair (0/5) D:8
 Bailey (visited)
    Orc: D:9-12

Altars:
Ashenzari
Cheibriados
Dithmenos
Fedhas
Gozag
Hepliaklqana
Kikubaaqudgha
Makhleb
Nemelex Xobeh
Okawaru
Qazlal
Ru
Sif Muna
Trog
Uskayaw
Vehumet
Wu Jian
Xom
Yredelemnul

Shops:
D:3 (   D:9 :*

Annotations:
D:10 Xavori's ghost, journeyman DjCK


Innate Abilities, Weirdness & Mutations

A demonic guardian rushes to your aid.
You sometimes gain power by taking damage.
You have an extremely huge brain. (Int +4)


Message History

Your orange demon stings the kobold brigand.
Your orange demon hits the kobold brigand.
You block the sun demon's attack.
Xavori's ghost mumbles some strange words.
Xavori's ghost blinks!
The kobold brigand hits you with a +0 dagger.
The ynoxinul hits you.
* * * LOW HITPOINT WARNING * * *
The ufetubus misses you.
The ufetubus hits you but does no damage.
You thump the kobold brigand!
The kobold brigand is moderately wounded.
The sun demon completely misses you. You block the ufetubus's attack. x2
Your orange demon stings the kobold brigand but does no damage.
Your orange demon hits the kobold brigand.
The kobold brigand looks weaker.
The kobold brigand hits your orange demon but does no damage.
The kobold brigand throws a poisoned dart.
The poisoned dart hits the kobold brigand!
The kobold brigand is poisoned.
The kobold brigand hits you with a +0 dagger.
* * * LOW HITPOINT WARNING * * *
The ynoxinul hits you.
* * * LOW HITPOINT WARNING * * *
The ufetubus barely misses you. The ufetubus closely misses you.
The sun demon completely misses you.
Your orange demon stings the kobold brigand.
Your orange demon misses the kobold brigand.
You closely miss the kobold brigand.
The kobold brigand is almost dead.
The kobold brigand dies!
The ufetubus barely misses you. You block the ufetubus's attack.
You block the kobold brigand's attack. The kobold brigand closely misses you.
The kobold brigand zaps a wand.
The puff of flame misses the kobold brigand.
The puff of flame hits the kobold brigand.
The ynoxinul misses you. The sun demon hits you!
* * * LOW HITPOINT WARNING * * *
You are engulfed in flames!!
You die...

#......# ###......#
###.'......# ###...#..<...#
....###......# #####
#......##### #.........4###
#####'####K35#####
##...##.5@3K5...#
#..####.##KK'##.#
#####'#######WKKK.#######
#..........#K.#.#.~#....# ##
#..........#⌠.#.#.⌠#....#
.###..........#P.#.# P#....#
..##..........##.... ##....#
#..'..........###/!(##.....#
####..........# #####......#


You could see a sun demon (summoned), 2 kobold demonologists, a ynoxinul
(summoned), 6 kobold brigands, Xavori's ghost, a white imp (summoned), 2 ufetubi
and a friendly orange demon (summoned).

Vanquished Creatures
  Gastronok (D:10)
  An orc high priest (Bailey)
  The ghost of Fractals the Fighter, a novice KoBr of Gozag (D:8)
  An orc sorcerer (Bailey)
  A troll (D:10)
  2 hornets
  2 water elementals (D:10)
  Eustachio (D:6)
  2 wraiths (D:10)
  16 yaks
  A wyvern (D:8)
  A basilisk (D:8)
  2 steam dragons
  5 water moccasins
  A sky beast (D:7)
  An ice beast (D:5)
  13 orc warriors
  4 black bears
  An ogre (D:5)
  2 centaurs
  3 wolves (D:8)
  3 phantoms
  4 kobold brigands
  3 bullfrogs
  2 necrophages (D:5)
  A gnoll sergeant (D:7)
  2 scorpions
  3 water moccasin zombies (D:5)
  2 wights
  16 killer bees
  A bombardier beetle (D:4)
  3 howler monkeys
  4 electric eels (Bailey)
  A bullfrog zombie (D:5)
  2 centaur zombies (D:5)
  2 hounds
  A human zombie (D:5)
  A gnoll bouda (D:7)
  Crazy Yiuf (D:6)
  5 jellies
  Jessica (D:2)
  An iguana (D:4)
  Natasha (thrice) (D:3)
  9 orc wizards
  2 mummies (D:5)
  Robin (D:3)
  9 gnolls
  3 adders
  2 ribbon worms
  2 shadow imps
  A white imp (D:5)
  A dart slug (D:2)
  36 orcs
  8 ball pythons
  9 endoplasms
  2 giant cockroaches
  27 goblins
  8 hobgoblins
  7 jackals
  27 kobolds
  2 quokkas (D:1)
  7 bats
  5 frilled lizards
  5 rats
297 creatures vanquished.

Vanquished Creatures (collateral kills)
  An orc knight (Bailey)
  2 water elementals (D:10)
  A water moccasin (D:7)
  4 orc warriors (Bailey)
  3 wights (D:8)
  2 killer bees (D:8)
  A jelly (D:8)
  7 gnolls (D:7)
  An orc (Bailey)
  A goblin (Bailey)
  A hobgoblin (D:3)
24 creatures vanquished.

Vanquished Creatures (others)
  A kobold brigand (D:10)
1 creature vanquished.

Grand Total: 322 creatures vanquished

Notes
Turn   | Place    | Note
-------+----------+-------------------------------------------
     0 | D:1      | IdlyInterested the Demonspawn Fighter began the quest for
                  | the Orb.
     0 | D:1      | Reached XP level 1. HP: 18/18 MP: 1/1
    88 | D:1      | Gained mutation: You sometimes gain a little power by
                  | taking damage. [demonic ancestry]
    88 | D:1      | Reached XP level 2. HP: 19/24 MP: 2/2
   116 | D:1      | Reached skill level 1 in Throwing
   619 | D:2      | Noticed Jessica
   632 | D:2      | Killed Jessica
   633 | D:2      | Reached skill level 4 in Fighting
   633 | D:2      | Reached XP level 3. HP: 19/31 MP: 3/3
   760 | D:2      | Gained mutation: You sometimes gain power by taking damage.
                  | [demonic ancestry]
   760 | D:2      | Reached XP level 4. HP: 38/38 MP: 4/4
  1000 | D:2      | Found a faded altar of an unknown god.
  1265 | D:3      | Reached skill level 1 in Dodging
  1492 | D:3      | Found Sialegg's Antique Weapon Shop.
  1510 | D:3      | Reached skill level 1 in Stealth
  1549 | D:3      | Found a hide-covered altar of Uskayaw.
  1549 | D:3      | Found a bloodstained altar of Trog.
  1578 | D:3      | Noticed Natasha
  1599 | D:3      | Killed Natasha
  1600 | D:3      | Reached skill level 1 in Evocations
  1600 | D:3      | Gained mutation: A weak demonic guardian rushes to your
                  | aid. [demonic ancestry]
  1600 | D:3      | Reached XP level 5. HP: 30/43 MP: 5/5
  1631 | D:3      | Noticed Natasha
  1635 | D:3      | Killed Natasha
  1636 | D:3      | Reached skill level 5 in Fighting
  1820 | D:3      | Found a shadowy altar of Dithmenos.
  1925 | D:3      | Noticed Natasha
  1930 | D:3      | Killed Natasha
  1931 | D:3      | Reached skill level 1 in Axes
  2067 | D:3      | Noticed Robin
  2081 | D:3      | Killed Robin
  2155 | D:3      | Gained mutation: A demonic guardian rushes to your aid.
                  | [demonic ancestry]
  2155 | D:3      | Reached XP level 6. HP: 51/51 MP: 6/6
  2324 | D:3      | Found a broken altar of Ashenzari.
  2327 | D:3      | Found a shimmering altar of Xom.
  2377 | D:4      | Noticed a water moccasin
  2378 | D:4      | Found a staircase to the Ecumenical Temple.
  2393 | D:4      | Killed a water moccasin
  2394 | D:4      | Reached skill level 6 in Fighting
  2575 | Temple   | Entered the Ecumenical Temple
  2981 | D:4      | Found a sacrificial altar of Ru.
  3069 | D:3      | Bought a steaming mace for 192 gold pieces
  3069 | D:3      | Identified the +8 mace of Imbalance {drain, rPois rN+ Int+6
                  | Dex+3} (You bought it in a shop on level 3 of the Dungeon)
  3458 | D:5      | Entered Level 5 of the Dungeon
  3544 | D:5      | Reached XP level 7. HP: 46/59 MP: 7/7
  3785 | D:5      | Reached skill level 7 in Fighting
  3785 | D:5      | Reached skill level 1 in Maces & Flails
  3951 | D:5      | Reached skill level 8 in Fighting
  4024 | D:5      | Gained mutation: You have an unusually large brain. (Int
                  | +2) [demonic ancestry]
  4024 | D:5      | Reached XP level 8. HP: 66/69 MP: 8/8
  4051 | D:5      | Reached skill level 9 in Fighting
  4071 | D:5      | Found an ancient bone altar of Kikubaaqudgha.
  4107 | D:5      | Reached skill level 10 in Fighting
  4801 | D:6      | Found a runed translucent door.
  4802 | D:6      | Noticed Crazy Yiuf
  4906 | D:6      | Noticed Eustachio
  4929 | D:6      | Killed Eustachio
  4930 | D:6      | Reached XP level 9. HP: 54/79 MP: 9/9
  5426 | D:6      | Killed Crazy Yiuf
  5427 | D:6      | Reached skill level 11 in Fighting
  5847 | D:7      | Found a flagged portal.
  5860 | Bailey   | Entered a bailey
  5970 | Bailey   | Reached skill level 1 in Shapeshifting
  6129 | Bailey   | Reached skill level 12 in Fighting
  6217 | Bailey   | Noticed an orc knight
  6231 | Bailey   | Killed an orc knight
  6525 | Bailey   | Noticed an orc sorcerer
  6531 | Bailey   | Killed an orc sorcerer
  6532 | Bailey   | Reached skill level 13 in Fighting
  6532 | Bailey   | Reached XP level 10. HP: 35/92 MP: 10/10
  6880 | Bailey   | Identified the +2 ring mail "Pucil" {rCorr Str+6 Stlth+}
  7609 | Bailey   | Found an iron altar of Okawaru.
  7611 | Bailey   | Noticed an orc high priest
  7629 | Bailey   | Killed an orc high priest
  7630 | Bailey   | Reached skill level 14 in Fighting
  7804 | Bailey   | Identified the +2 ring mail "Gaagept" {Harm Int+3}
  8501 | D:3      | Bought a runed hand axe for 144 gold pieces
  9127 | D:8      | Found a staircase to the Lair.
  9393 | D:8      | Upgraded the game from 0.31-a0-1499-ge0622b2318 to
                  | 0.32-a0-20-ge526923d97
  9455 | D:8      | Found a transporter.
  9455 | D:8      | Noticed Fractals's ghost (novice KoBr)
  9481 | D:8      | Gained mutation: You have an extremely huge brain. (Int +4)
                  | [demonic ancestry]
  9481 | D:8      | Reached XP level 11. HP: 101/101 MP: 11/11
  9594 | D:8      | Reached skill level 15 in Fighting
  9860 | D:8      | Found a transporter.
 10249 | D:8      | Killed Fractals's ghost
 10338 | D:9      | Found Xil Ypra's Neck Hole.
 10573 | D:9      | Found Birr's Book Emporium.
 10753 | D:9      | Identified the +7 whip of Emaux {venom, +Blink Fly rF++
                  | Str-5}
 11251 | D:10     | Entered Level 10 of the Dungeon
 11328 | D:10     | Noticed Gastronok
 11351 | D:10     | Killed Gastronok
 11352 | D:10     | Reached skill level 16 in Fighting
 12444 | D:10     | Found a runed translucent gate.
 12444 | D:10     | Found a runed translucent gate.
 12445 | D:10     | Found a runed translucent gate.
 12445 | D:10     | Noticed Xavori's ghost (journeyman DjCK)
 12452 | D:10     | Noticed a sun demon
 12463 | D:10     | Mangled by a sun demon

Illustrated notes

Levels and vault maps discovered:
D:1:      mrwooster_arrival_statue_3, layout_rooms, minmay_bisected
D:2:      layout_rooms, hellmonk_ecumenical_altar_zigzags, minmay_ruptured,
          uniq_jessica
D:3:      kennysheep_goblin_castle, layout_loops_ring,
          nicolae_dithmenos_through_a_glass_darkly, minitemple,
          chequers_temple_overflow_statue_of_worship, serial_shops,
          shop_fountains, st_stairs_4, uniq_natasha, uniq_robin
D:4:      layout_basic, nicolae_ru_path_of_blood, minmay_temple_entry_slanted
D:5:      layout_cave_pools, lemuel_mausoleum_altar_kikubaaqudgha
D:6:      layout_basic, nicolae_elyvilon_peaceful_grove,
          uniq_crazy_yiuf_cottage, uniq_eustachio
D:7:      layout_loops_cross, enter_bailey_5
D:8:      layout_gridville, minmay_lair_entry_grove, gammafunk_ghost_arena
D:9:      layout_small_grid, serial_shops, shop,
          nicolae_shop_sticking_my_neck_out
D:10:     layout_roguey, gammafunk_ghost_nasty_kobolds,
          nicolae_underground_beach, uniq_gastronok
Temple:   eino_temple_lava

Skill      XL: |  1  2  3  4  5  6  7  8  9 10 11 |
---------------+----------------------------------+-----
Short Blades   | 2 |  2.0
Throwing       | 1 2 3 |  3.0
Fighting       | 4 5 6 8 10 13 14 16 | 16.9
Armour         | 3 |  3.0
Dodging        | 1 2 3 |  3.0
Stealth        | 1 2 3 |  3.0
Evocations     | 1 2 3 |  3.0
Axes           | 1 2 |  2.0
Maces & Flails | 1 2 3 |  3.7
Shapeshifting  | 2 3 |  3.0
Shields        | |  2.6

Action                     |  1- 3 |  4- 6 |  7- 9 | 10-12 || total
---------------------------+-------+-------+-------+-------++-------
  Melee: Rapier            |    45 |       |       |       ||    45
         Hand axe          |    54 |   162 |       |       ||   216
         Mace              |       |     9 |   243 |   418 ||   670
  Throw: Stone             |       |       |       |    22 ||    22
         Dart              |       |       |       |     2 ||     2
  Evoke: Wand              |       |       |     2 |     5 ||     7
    Use: Potion            |     1 |     3 |     5 |     5 ||    14
         Scroll            |       |     5 |     3 |     4 ||    12
   Stab: Invisible         |       |       |    10 |       ||    10
         Sleeping          |       |       |       |    10 ||    10
         Distracted        |       |       |       |     1 ||     1
 Armour: Scale mail        |    65 |    63 |       |       ||   128
         Chain mail        |       |    62 |   211 |       ||   273
         Leather armour    |       |       |     9 |    12 ||    21
         Plate armour      |       |       |     2 |       ||     2
         Ring mail         |       |       |       |   367 ||   367
  Dodge: Dodged            |    38 |    75 |    78 |   309 ||   500
  Block: Buckler           |    29 |    90 |   153 |   320 ||   592
         Reflection        |       |     3 |     4 |     2 ||     9

Table legend: (Time is in decaauts)
 A = Elapsed time spent in this place.
 B = Non-inter-level travel time spent in this place.
 C = Inter-level travel time spent in this place.
 D = Time resting spent in this place.
 E = Time spent auto-exploring this place.
 F = Levels seen in this place.
 G = Mean time per level.
                   A        B        C        D        E       F      G
               +--------+--------+--------+--------+--------+-----+--------+
         Total |  12782 |  11824 |    958 |   3483 |   5160 |  12 | 1065.2 |
       Dungeon |  10667 |   9709 |    958 |   1972 |   5067 |  10 | 1066.7 |
        Temple |      1 |      1 |      0 |      0 |      0 |   1 |    1.0 |
        Bailey |   2113 |   2113 |      0 |   1511 |     93 |   1 | 2113.0 |
               +--------+--------+--------+--------+--------+-----+--------+

Top non-repeatable levels by time:
  Bailey: 2113 daAuts
     D:8: 1728 daAuts
     D:3: 1220 daAuts
    D:10: 1196 daAuts
     D:6: 1164 daAuts
     D:4: 1139 daAuts
     D:9: 1007 daAuts
     D:5: 992 daAuts
     D:7: 927 daAuts
     D:2: 732 daAuts
     D:1: 557 daAuts
  Temple: 1 daAuts
